 Dungeon Crawl Stone Soup version 0.24.1-8-ga250c9d538 (webtiles) character file.

Game seed: 17166730837544512469, levelgen mode: deterministic

94 Peloso the Skirmisher (level 4, -18/35 HPs)
             Began as a Demonspawn Fighter on May 7, 2020.
             Blown up by Ijyb (28 damage)
             ... with a disintegration bolt
             ... on level 3 of the Dungeon.
             The game lasted 00:03:56 (1463 turns).

Peloso the Skirmisher (Demonspawn Fighter)          Turns: 1463, Time: 00:03:56

Health: -18/35     AC: 11    Str: 17    XL:     4   Next: 38%
Magic:  13/13      EV:  6    Int: 10    God:
Gold:   63         SH:  8    Dex: 12    Spells: 3/3 levels left

rFire    . . .     SeeInvis .   a - +0 long sword
rCold    . . .     Gourm    .   c - +0 shield
rNeg     . . .     Faith    .   b - +0 scale mail
rPois    .         Spirit   .   (no helmet)
rElec    .         Reflect  .   h - +0 cloak
rCorr    .         Harm     .   (no gloves)
MR       .....                  q - +1 pair of boots
Stlth    ..........             (no amulet)
HPRegen  0.11/turn              j - ring of magical power
MPRegen  0.13/turn              (no ring)

@: lethally poisoned (-18 -> -24), drained
A: icy blue scales 1
a: no special abilities


You were on level 3 of the Dungeon.
You were very hungry.

You visited 1 branch of the dungeon, and saw 3 of its levels.

You collected 63 gold pieces.

Inventory:

Hand Weapons
 a - a +0 long sword (weapon)
Armour
 b - a +0 scale mail (worn)
 c - a +0 shield (worn)
 h - a +0 cloak (worn)
 q - a +1 pair of boots (worn)
Jewellery
 j - a ring of magical power (left hand)
Wands
 s - a wand of iceblast (9)
Scrolls
 e - 5 scrolls of remove curse {unknown}
 i - 3 scrolls of identify
 k - 4 scrolls of fear {unknown}
 m - a scroll of enchant armour
 n - a scroll of magic mapping {unknown}
Potions
 d - a potion of might
 g - 2 potions of ambrosia
 l - a potion of berserk rage
 o - a potion of brilliance {unknown}
 p - a potion of curing {unknown}
 r - a potion of haste {unknown}
Comestibles
 f - 5 rations


   Skills:
 + Level 3.5(2.6) Fighting
 + Level 2.3(1.4) Long Blades
 + Level 3.4(2.5) Armour
 + Level 0.5(0.0) Dodging
 + Level 0.1(0.0) Stealth
 + Level 3.3(2.4) Shields


You had 3 spell levels left.
You didn't know any spells.
Your spell library was empty.

Dungeon Overview and Level Annotations

Branches:
Dungeon (3/15)

Altars:

Annotations:
D:3 Ijyb


Innate Abilities, Weirdness & Mutations

You are partially covered in icy blue scales. (AC +2)


Message History

You hit the frilled lizard.
The frilled lizard is heavily wounded.
You block the frilled lizard's attack.
The frilled lizard completely misses you.
You riposte.
You hit the frilled lizard.
You kill the frilled lizard!
A kobold comes into view. It is wielding a +0 club.
You barely miss Ijyb.
Ijyb zaps a wand.
You are blasted!
Ouch! That really hurt!
* * * LOW HITPOINT WARNING * * *
Unknown command.
You closely miss Ijyb.
Ijyb zaps a wand.
You barely resist.
Unknown command.
You slash Ijyb!
Ijyb is moderately wounded.
Ijyb hits you but does no damage.
You are poisoned.
Ijyb zaps a wand.
You are blasted!
Ouch! That really hurt!
You die...

#.#.## #.##.#..
#.#..# #.##.#..
#.##.###[##.### #
######........##.#
#.##.............##.#
#................##.#
####.............##.#
#.............##.#
#..@..........#
###g#######.### #K#
..# #.# .# ... ..#
... #..#


You could see Ijyb and a kobold.

Vanquished Creatures
  A crimson imp (D:3)
  3 adders
  A worm (D:2)
  A leopard gecko (D:3)
  A ball python (D:3)
  A giant cockroach (D:3)
  5 goblins
  2 hobgoblins
  2 jackals (D:3)
  3 bats (D:1)
  4 frilled lizards
  3 kobolds
  2 rats
29 creatures vanquished.

Notes
Turn   | Place    | Note
-------+----------+-------------------------------------------
     0 | D:1      | Peloso the Demonspawn Fighter began the quest for the Orb.
     0 | D:1      | Reached XP level 1. HP: 18/18 MP: 1/1
   193 | D:1      | You fall into a shaft and drop 1 floor!
   198 | D:2      | Gained mutation: You are partially covered in icy blue
                  | scales. (AC +2) [demonic ancestry]
   198 | D:2      | Reached XP level 2. HP: 21/24 MP: 2/2
   741 | D:2      | Reached XP level 3. HP: 29/29 MP: 3/3
  1399 | D:3      | Reached XP level 4. HP: 23/35 MP: 4/4
  1455 | D:3      | Noticed Ijyb
  1463 | D:3      | Blown up by Ijyb

Levels and vault maps discovered:
D:1:      ebering_trefoil_twist, layout_rooms, chequers_serial_rivers_small_b
D:2:      layout_rooms
D:3:      layout_basic, lemuel_crystal_altar, minmay_rat_hole, uniq_ijyb

Skill      XL: |  1  2  3 |
---------------+----------+-----
Long Blades    | 2 |  2.3
Armour         | 3 |  3.4
Shields        | 3 |  3.3
Fighting       | |  3.5
Dodging        | |  0.5
Stealth        | |  0.1

Action                   |  1- 3 |  4- 6 || total
-------------------------+-------+-------++-------
Melee: Long sword        |   128 |     6 ||   134
  Use: Scroll            |     3 |       ||     3
       Potion            |     1 |       ||     1
  Eat: Chunk             |     1 |       ||     1
Armor: Scale mail        |    79 |     2 ||    81
Dodge: Dodged            |    39 |     2 ||    41
Block: Shield            |    88 |     2 ||    90
       Rpst.: Long sword |     8 |     1 ||     9
